AoeStats
← Le Tatar Kirghize

Nomad

507545792Analyzed
2v2 RM · 13d ago on Sep 18, 2026· 23m 18s· 4 players
Game mode
Random Map
Map size
176×176
Population
200
Speed
Normal
Resources
Standard
Victory
Conquest
Starting age
Dark Age
Ending age
Imperial Age
RankedLock teamsTeams togetherTeam positionsShared explorationLock speedFull tech treeHidden civsTurbo modeCheats
Victory
Defeat
🇮🇹 Celts · Italy
1248
+15
🇫🇷 Georgians · France
1200
+17
🇩🇪 Persians · Germany
1231
-16
🇩🇪 Vietnamese · Germany
1230
-16
Le Tatar Kirghize
3:14 Loom
11:37 Feudal Age
16:35 Castle Age
15:29 Double-Bit Axe
15:38 Stone Mining
15:36 Double-Bit Axe
18:38 Forging
18:34 Scale Barding Armor
19:00 Fletching
GdR_Salinaro
12:35 Feudal Age
13:28 Double-Bit Axe
16:29 Loom
17:19 Wheelbarrow
19:24 Castle Age
18:03 Wheelbarrow
18:25 Stone Mining
19:48 Gold Mining
19:40 Demolition Ship
23:09 Stone Shaft Mining
Puschel der Waschbär
5:38 Loom
13:47 Feudal Age
18:24 Castle Age
22:26 Demolition Ship
stinkepete2000
5:02 Loom
13:14 Feudal Age
13:51 Double-Bit Axe
14:34 Fishing Lines
18:14 Fletching
21:29 Castle Age
20:32 Padded Archer Armor
22:21 Bodkin Arrow
Connection lost

Rejoining the realm…

Still unreachable

The connection could not be restored.

Session expired

The server has moved on; the page needs a fresh start.